 Dungeon Crawl Stone Soup version 0.31.0-11-ge490571c62 (webtiles) character file.

Game seed: 12511243400238903179

2 Arcadio the Chiller (level 1, -1/13 HPs)
             Began as a Barachi Ice Elementalist on Jan 31, 2024.
             Slain by a gnoll
             ... wielding a +0 flail
              (5 damage)
             ... on level 1 of the Dungeon.
             The game lasted 00:00:29 (70 turns).

Arcadio the Chiller (Barachi Ice Elementalist)        Turns: 70, Time: 00:00:30

Health: -1/13      AC:  2    Str:  9    XL:     1   Next: 40%
Magic:  1/3        EV: 12    Int: 15    God:
Gold:   11         SH:  0    Dex: 12    Spells: 3/4 levels left

rFire   . . .        (no weapon)
rCold   . . .        (no shield)
rNeg    . . .        a - +0 robe
rPois   .            (no helmet)
rElec   .            (no cloak)
rCorr   .            (no gloves)
SInv    .            (no boots)
Will    .....        (no amulet)
Stlth   ++           (no ring)
HPRegen 0.22/turn    (no ring)
MPRegen 0.08/turn

%: no passive effects
@: unable to hop, slow
A: amphibious, slowness 1, strong legs 1, +LOS
a: Hop


You were on level 1 of the Dungeon.
You visited 1 branch of the dungeon, and saw 1 of its levels.

You collected 11 gold pieces.

Inventory:

Armour
 a - a +0 robe (worn)
Potions
 b - a potion of magic


   Skills:
 + Level 2.3 Dodging
 - Level 1.7 Stealth
 + Level 2.2 Spellcasting
 + Level 4.9 Ice Magic


You had 3 spell levels left.
You knew the following spells:

 Your Spells              Type           Power      Damage    Failure   Level
a - Freeze                Ice            64%        1d7       3%          1

Your spell library contained the following spells:

 Spells                   Type           Power      Damage    Failure   Level
 Frozen Ramparts          Ice            32%        1d5       9%          3
 Ozocubu's Armour         Ice            16%        N/A       9%          3
 Summon Ice Beast         Ice/Summ       9%         N/A       24%         3


Dungeon Overview and Level Annotations

Branches:
Dungeon (1/15)

Altars:


Innate Abilities, Weirdness & Mutations

You are amphibious.
You cover ground slowly.
You can hop short distances.
You have an extended range of vision and can be seen from far away.


Message History

Unknown command.
Casting: Freeze (safe; 3% risk of failure)
Confirm with . or Enter, or press ? or * to list all spells.
Aiming: Freeze (safe; 3% risk of failure)
Press: ? - help, Shift-Dir - straight line, f - ball python
Aim: a ball python You freeze the ball python.
You kill the ball python!
The gnoll attacks as it pursues you! The gnoll misses you.
The gnoll attacks as it pursues you! The gnoll barely misses you.
The gnoll attacks as it pursues you! The gnoll hits you with a +0 flail.
Casting: Freeze (safe; 3% risk of failure)
Confirm with . or Enter, or press ? or * to list all spells.
Aiming: Freeze (safe; 3% risk of failure)
Press: ? - help, Shift-Dir - straight line, f - gnoll
Aim: a gnoll, wielding a +0 flail You freeze the gnoll!
The gnoll is heavily wounded.
The gnoll closely misses you.
You barely miss the gnoll.
The gnoll is heavily wounded.
The gnoll hits you with a +0 flail. The gnoll attacks as it pursues you!
The gnoll closely misses you. The gnoll barely misses you.
The gnoll hits you with a +0 flail.
You don't have enough magic to cast this spell.
You hit the gnoll.
The gnoll is severely wounded.
The gnoll barely misses you.
You hit the gnoll but do no damage.
The gnoll is severely wounded.
The gnoll hits you with a +0 flail.
There are no items here.
Unknown command.
Hop to where?
Press: ? - help, Q - select action, (/) - cycle Dir - move target, p - gnoll Boing!
The gnoll barely misses you. The gnoll attacks as it pursues you!
The gnoll hits you with a +0 flail.
You die...

### ### #.#
#.########## #.#
#.....@g..°# #.#
#[.#########
#####.###..######
#...............# #
#.###.#.#..##.#.#
###.###...........
................#.#
..............#.#
###.##..#.##..#.#


You could see a gnoll.

Vanquished Creatures
  A ball python (D:1)
  A hobgoblin (D:1)
2 creatures vanquished.

Notes
Turn   | Place    | Note
-------+----------+-------------------------------------------
     0 | D:1      | Arcadio the Barachi Ice Elementalist began the quest for
                  | the Orb.
     0 | D:1      | Reached XP level 1. HP: 13/13 MP: 3/3
    70 | D:1      | Slain by a gnoll

Illustrated notes

Levels and vault maps discovered:
D:1:      moated_graveyard_arrival, layout_basic

Action                     || total
---------------------------++-------
  Melee: Unarmed           ||     3
   Cast: Freeze            ||     4
Ability: Hop               ||     1
 Armour: Robe              ||     6
  Dodge: Dodged            ||     8
